 Dungeon Crawl Stone Soup version 0.30-a0-793-g160f7cfddd (webtiles) character file.

Game seed: 16250907863603222800

130 cheesebisquit the Chopper (level 5, -3/46 HPs)
             Began as a Hill Orc Monk on Feb 19, 2023.
             Slain by Crazy Yiuf
             ... wielding a +4 quarterstaff of chaos
              (9 damage)
             ... on level 2 of the Dungeon.
             The game lasted 00:06:42 (1812 turns).

cheesebisquit the Chopper (Hill Orc Monk)           Turns: 1812, Time: 00:06:42

Health: -3/46      AC: 10    Str: 16    XL:     5   Next: 13%
Magic:  5/5        EV:  5    Int: 10    God:
Gold:   39         SH:  0    Dex: 13    Spells: 4/4 levels left

rFire   . . .      SeeInvis .    a - +0 hand axe
rCold   . . .      Faith    .    (no shield)
rNeg    . . .      Spirit   .    d - +0 plate armour
rPois   .          Reflect  .    (no helmet)
rElec   .          Harm     .    (no cloak)
rCorr   .          Rampage  .    (no gloves)
Will    .....                    (no boots) Stlth
                                 (no amulet)
HPRegen 0.27/turn                (no ring)
MPRegen 0.09/turn                (no ring)

@: confused, ambrosia-drunk
A: no striking features
a: no special abilities


You were on level 2 of the Dungeon.
You visited 1 branch of the dungeon, and saw 2 of its levels.

You collected 39 gold pieces.

Inventory:

Hand Weapons
 a - a +0 hand axe (weapon)
 b - a +0 morningstar
Missiles
 f - 15 stones (quivered)
 l - 2 javelins
Armour
 d - a +0 plate armour (worn)
Jewellery
 p - an amulet of faith
Wands
 r - a wand of polymorph (4)
Scrolls
 e - 2 scrolls of magic mapping {unknown}
 i - 3 scrolls of amnesia {unknown}
 k - a scroll of enchant weapon {unknown}
 n - a scroll of identify {unknown}
Potions
 g - 2 potions of flight {unknown}
 h - 5 potions of curing {unknown}
 j - a potion of berserk rage {unknown}
 m - a potion of degeneration {unknown}
 o - a potion of attraction {unknown}
 q - a potion of might {unknown}
 s - a potion of magic {unknown}


   Skills:
 - Level 4.1 Fighting
 * Level 6.8 Axes
 - Level 1.4 Armour
 - Level 2.4 Dodging
 - Level 1.5 Stealth


You had 4 spell levels left.
You didn't know any spells.
Your spell library contained the following spells:

 Spells                   Type           Power      Damage    Failure   Level
 Magic Dart               Conj           0%         1d3       100%        1
 Cigotuvi's Dreadful Rot  Necr/Pois/Air  0%         N/A       100%        2
 Poisonous Vapours        Pois/Air       0%         N/A       100%        2
 Searing Ray              Conj           0%         2d4       100%        2
 Mephitic Cloud           Conj/Pois/Air  0%         N/A       100%        3
 Fulminant Prism          Conj/Hex       0%         3d5       100%        4


Dungeon Overview and Level Annotations

Branches:
Dungeon (2/15)

Altars:

Annotations:
D:2 Crazy Yiuf


Message History

There is an escape hatch in the ceiling here.
A mysterious force pulls you upwards. The hatch slams shut behind you.
Done exploring.
There is a stone staircase leading down here.
You climb downwards.
There is a stone staircase leading up here.
There is an escape hatch in the floor here.
Found a stone staircase leading down.
There is a stone staircase leading down here.
There is a stone staircase leading down here.
s - a murky blue potion You see here a +0 dagger.
Found a scale mail.
You see here a +0 scale mail.
There is a shaft here.
Found a hammer.
Found a runed translucent door.
Crazy Yiuf shouts!
Crazy Yiuf cries, "Flower stair snockshim!"
There is a shaft here.
There is a shaft here.
Crazy Yiuf says, "Crazy?
Crazy!?
PORCUPINE!"
You open the door. You hit Crazy Yiuf but do no damage.
Crazy Yiuf grits, "Rifle verde canine!"
Crazy Yiuf hits you with a +4 quarterstaff of chaos.
Crazy Yiuf burns you.
You barely miss Crazy Yiuf.
Crazy Yiuf hits you with a +4 quarterstaff of chaos.
You barely miss Crazy Yiuf.
Crazy Yiuf whimpers, "Prologue!"
Crazy Yiuf hits you but does no damage. Space warps around you.
You hit Crazy Yiuf but do no damage.
Crazy Yiuf cries, "You leg down broken song, no?"
Crazy Yiuf hits you with a +4 quarterstaff of chaos!
Space warps horribly around you!!
* * * LOW HITPOINT WARNING * * *
You are confused.
You feel invigorated.
Crazy Yiuf hits you with a +4 quarterstaff of chaos!
You die...

#..........####....#
###.# #.###.#.####
##..## #.# #.###.#.#
♣..^.♣ #†#
........#### ♣♣...♣
#.# ......#....#
♣♣.♣♣ #.#
#.###.###.## ♣♣.♣
#.# #.##.......#
♣.♣♣ #.#
#...[......# ♣♣.♣
#.# ######.#####
♣@♣♣ #.# #.# #g# #.#
#.# ... ####.#
#.##### #...# #....#
#.....# #)..# #.####
####### ##### #.#
#.# ###### #.# ##
#.##.# #.#


You could see Crazy Yiuf.

Vanquished Creatures
  Natasha (thrice) (D:2)
  An adder (D:2)
  A worm (D:2)
  4 dart slugs
  4 ball pythons (D:1)
  7 endoplasms
  A giant cockroach (D:1)
  2 goblins
  2 hobgoblins (D:2)
  3 jackals (D:1)
  A quokka (D:2)
  A bat (D:1)
  A frilled lizard (D:1)
  4 kobolds
  3 rats
38 creatures vanquished.

Notes
Turn   | Place    | Note
-------+----------+-------------------------------------------
     0 | D:1      | cheesebisquit the Hill Orc Monk began the quest for the
                  | Orb.
     0 | D:1      | Reached XP level 1. HP: 19/19 MP: 1/1
     2 | D:1      | Noticed a minotaur zombie
     6 | D:1      | Noticed a minotaur zombie
     7 | D:1      | Noticed a merfolk zombie
    23 | D:1      | Noticed a minotaur zombie
    25 | D:1      | Noticed a demonspawn zombie
    27 | D:1      | Noticed a demonspawn zombie
    33 | D:1      | Noticed a merfolk zombie
   112 | D:1      | Reached XP level 2. HP: 26/27 MP: 2/2
   231 | D:1      | Reached skill level 1 in Armour
   359 | D:1      | Reached XP level 3. HP: 33/33 MP: 3/3
   552 | D:1      | Found a faded altar of an unknown god.
   795 | D:2      | Reached skill level 5 in Axes
   829 | D:2      | Noticed Natasha
   839 | D:2      | Killed Natasha
   840 | D:2      | Reached XP level 4. HP: 27/40 MP: 4/4
  1092 | D:2      | Noticed Natasha
  1109 | D:2      | Killed Natasha
  1110 | D:2      | Reached skill level 6 in Axes
  1487 | D:2      | Noticed Natasha
  1499 | D:2      | Killed Natasha
  1500 | D:2      | Reached XP level 5. HP: 32/46 MP: 5/5
  1783 | D:2      | Found a runed translucent door.
  1784 | D:2      | Noticed Crazy Yiuf
  1811 | D:2      | HP: 1/46 [Crazy Yiuf/+4 quarterstaff of chaos (21)]
  1812 | D:2      | Slain by Crazy Yiuf

Illustrated notes

Levels and vault maps discovered:
D:1:      shiori_arrival_whats_in_store_for_you, layout_rooms,
          shapermc_ecumenical_altar_petra, fountainhead, minmay_misc_feat_chi
D:2:      layout_loops_ring, uniq_crazy_yiuf_cottage, uniq_natasha

Skill      XL: |  1  2  3  4 |
---------------+-------------+-----
Armour         | 1 |  1.4
Fighting       | 4 |  4.1
Axes           | 5 6 |  6.8
Dodging        | |  2.4
Stealth        | |  1.5

Action                     |  1- 3 |  4- 6 || total
---------------------------+-------+-------++-------
  Melee: Hand axe          |    86 |    55 ||   141
         Punch             |     3 |     1 ||     4
         Unarmed           |       |     5 ||     5
  Throw: Stone             |     1 |       ||     1
    Use: Potion            |       |     1 ||     1
 Armour: Plate armour      |    69 |    21 ||    90
  Dodge: Dodged            |    11 |     8 ||    19

Table legend: (Time is in decaauts)
 A = Elapsed time spent in this place.
 B = Non-inter-level travel time spent in this place.
 C = Inter-level travel time spent in this place.
 D = Time resting spent in this place.
 E = Time spent auto-exploring this place.
 F = Levels seen in this place.
 G = Mean time per level.
                   A        B        C        D        E       F      G
               +--------+--------+--------+--------+--------+-----+--------+
         Total |   1818 |   1745 |     73 |    105 |   1252 |   2 |  909.0 |
       Dungeon |   1818 |   1745 |     73 |    105 |   1252 |   2 |  909.0 |
               +--------+--------+--------+--------+--------+-----+--------+

Top non-repeatable levels by time:
     D:2: 1144 daAuts
     D:1: 674 daAuts
